 Dungeon Crawl Stone Soup version 0.30-a0-23-ge60ba3568b (webtiles) character file.

Game seed: 15223935028197282917

4 fingers the Insei (level 1, 0/16 HPs)
             Began as a Demigod Transmuter on Aug 25, 2022.
             Constricted to death by a ball python (1 damage)
             ... on level 1 of the Dungeon.
             The game lasted 00:00:26 (214 turns).

fingers the Insei (Demigod Transmuter)               Turns: 214, Time: 00:00:27

Health: 0/16       AC:  2    Str: 11    XL:     1   Next: 46%
Magic:  5/5        EV:  9    Int: 15    God:
Gold:   20         SH:  5    Dex: 14    Spells: 2/3 levels left

rFire   . . .      SeeInvis .      - Unarmed
rCold   . . .      Faith    .    (no shield)
rNeg    . . .      Spirit   .    a - +0 robe
rPois   .          Reflect  +    (no helmet)
rElec   .          Harm     .    (no cloak)
rCorr   .          Rampage  .    (no gloves)
Will    .....                    (no boots)
Stlth   +.........               c - amulet of reflection
HPRegen 0.05/turn                (no ring)
MPRegen 0.09/turn                (no ring)

@: constricted
A: high MP 1, forlorn, divine attributes
a: no special abilities


You were on level 1 of the Dungeon.
You visited 1 branch of the dungeon, and saw 1 of its levels.

You collected 20 gold pieces.

Inventory:

Armour
 a - a +0 robe (worn)
Jewellery
 c - an amulet of reflection (around neck)
Scrolls
 d - a scroll of fear {unknown}
Potions
 b - a potion of lignification


   Skills:
 + Level 1.0 Fighting
 + Level 1.8 Dodging
 + Level 2.7 Unarmed Combat
 + Level 1.8 Spellcasting
 + Level 1.8 Transmutations


You had 2 spell levels left.
You knew the following spells:

 Your Spells              Type           Power      Damage    Failure   Level
a - Beastly Appendage     Tmut           14%        N/A       11%         1

Your spell library contained the following spells:

 Spells                   Type           Power      Damage    Failure   Level
 Wereblood                Tmut           7%         N/A       16%         2
 Spider Form              Tmut/Pois      4%         N/A       43%         3
 Ice Form                 Ice/Tmut       4%         N/A       83%         4


Dungeon Overview and Level Annotations

Branches:
Dungeon (1/15)


Innate Abilities, Weirdness & Mutations

You have an increased reservoir of magic. (+10% MP)
You shall have no god before yourself.
Your divine heritage dramatically boosts your attributes as you level up.


Message History

Found 5 stones.
The rat closely misses you. You block the kobold's attack.
You see here a rat corpse.
You hit the kobold.
You kill the kobold!
The rat misses you. The ball python completely misses you.
The ball python closely misses you. You block the rat's attack.
The ball python bites you. You block the ball python's attack.
Things that are here:
a +0 club; a kobold corpse You hit the rat.
You kill the rat!
Your horns disappear.
Your talons disappear.
The ball python bites you. The ball python grabs you.
The ball python constricts you.
The ball python's grasp on you weakens, but your attempt to escape fails.
The ball python misses you. The ball python constricts you.
You hit the ball python.
The ball python is severely wounded.
The ball python bites you.
* * * LOW HITPOINT WARNING * * *
The ball python constricts you.
* * * LOW HITPOINT WARNING * * *
You closely miss the ball python.
The ball python is severely wounded.
The ball python barely misses you. The ball python constricts you.
You closely miss the ball python.
The ball python is severely wounded.
The ball python bites you.
* * * LOW HITPOINT WARNING * * *
The ball python constricts you.
* * * LOW HITPOINT WARNING * * *
The ball python closely misses you. The ball python constricts you.
You barely miss the ball python.
The ball python is severely wounded.
You block the ball python's attack. The ball python constricts you.
You barely miss the ball python.
The ball python is severely wounded.
You block the ball python's attack. The ball python constricts you.
You die...

######.# #
#......# #
#.####.#######
#..........#
#.##.#####.# #
#.....# .#
#..##.##.#####
#...#).!......
#...#†@.......
#...#.S.......
#...#.........
##.......#####
.....#..#
######.. ...
#.(.


You could see a ball python.

Vanquished Creatures
  A goblin (D:1)
  2 kobolds (D:1)
  2 rats (D:1)
5 creatures vanquished.

Notes
Turn   | Place    | Note
-------+----------+-------------------------------------------
     0 | D:1      | fingers the Demigod Transmuter began the quest for the Orb.
     0 | D:1      | Reached XP level 1. HP: 15/15 MP: 5/5
   205 | D:1      | Reached skill level 1 in Fighting
   214 | D:1      | Constricted to death by a ball python

Illustrated notes

Levels and vault maps discovered:
D:1:      lightli_arrival_noodles, layout_basic, lemuel_another_geyser

Skill      XL: |  1 |
---------------+----+-----
Fighting       | 1 |  1.0
Dodging        | |  1.8
Unarmed Combat | |  2.7
Spellcasting   | |  1.8
Transmutations | |  1.8

Action                   || total
-------------------------++-------
Melee: Unarmed           ||    11
 Cast: Beastly Appendage ||     2
Dodge: Dodged            ||    12
Block: Other             ||     7

Table legend: (Time is in decaauts)
 A = Elapsed time spent in this place.
 B = Non-inter-level travel time spent in this place.
 C = Inter-level travel time spent in this place.
 D = Time resting spent in this place.
 E = Time spent auto-exploring this place.
 F = Levels seen in this place.
 G = Mean time per level.
                   A        B        C        D        E       F      G
               +--------+--------+--------+--------+--------+-----+--------+
         Total |    213 |    213 |      0 |      0 |    117 |   1 |  213.0 |
       Dungeon |    213 |    213 |      0 |      0 |    117 |   1 |  213.0 |
               +--------+--------+--------+--------+--------+-----+--------+

Top non-repeatable levels by time:
     D:1: 213 daAuts
